 Dungeon Crawl Stone Soup version 0.32-a0-40-g2adb59a (webtiles) character file.

Game seed: 13117831903855685096

167 Dorkslayer the Ruffian (level 5, 0/33 HPs)
             Began as an Octopode Shapeshifter on Jan 24, 2024.
             Slain by a gnoll
             ... wielding a +0 halberd
              (12 damage)
             ... on level 4 of the Dungeon.
             The game lasted 00:04:47 (2114 turns).

Dorkslayer the Ruffian (Octopode Shapeshifter)      Turns: 2114, Time: 00:04:47

Health: 0/33       AC:  1    Str: 16    XL:     5   Next: 48%
Magic:  5/5        EV: 11    Int: 12    God:
Gold:   104        SH:  8    Dex: 11    Spells: 4/4 levels left

rFire   . .          .
                       - Unarmed
rCold   . . .        g - +1 kite shield
rNeg    . . .        (helmet currently unavailable)
rPois   .            (no amulet)
rElec   .            (no ring)
rCorr   .            (no ring)
SInv    .            (no ring)
Will    .....        (no ring)
Stlth   +++          (no ring)
HPRegen 0.25/turn    (no ring)
MPRegen 0.09/turn    (no ring)
                     (no ring)

%: no passive effects
@: beast-form
A: beast (slay +1), almost no armour, amphibious, 8 rings, camouflage 1,
gelatinous body 1, (nimble swimmer 1), tentacles
a: Begin Untransformation


You were on level 4 of the Dungeon.
You were a hulking beast.
You visited 1 branch of the dungeon, and saw 4 of its levels.

You collected 104 gold pieces.

Inventory:

Armour
 g - a +1 kite shield (worn)
Talismans
 b - a beast talisman
 c - a flux talisman
Scrolls
 d - a scroll of teleportation
Potions
 a - a potion of lignification
 j - a potion of resistance {unknown}
 n - 2 potions of brilliance {unknown}
 o - a potion of invisibility {unknown}


   Skills:
 + Level 1.3 Fighting
 + Level 2.5 Dodging
 + Level 2.9 Stealth
 * Level 0.7 Shields
 * Level 4.8 Unarmed Combat
 + Level 3.2 Shapeshifting


You had 4 spell levels left.
You didn't know any spells.
Your spell library contained the following spells:

 Spells                   Type           Power      Damage    Failure   Level
 Volatile Blastmotes      Fire/Tloc      0%         2d10      97%         3
 Fulminant Prism          Conj/Alch      0%         3d5       100%        4
 Iskenderun's Mystic Bla  Conj/Tloc      0%         2d3       100%        4


Dungeon Overview and Level Annotations

Branches:
Dungeon (4/15)
 Temple: D:4-7

Altars:
Zin


Innate Abilities, Weirdness & Mutations

You are a hulking beast.
Your limbs bulge with bestial killing power. (Slay +1)
You cannot wear most types of armour.
You are amphibious.
You can wear up to eight rings at the same time.
Your skin changes colour to match your surroundings (Stealth+).
Your rubbery body absorbs attacks. (AC +1, EV +1)
((You are camouflaged when in or above water. (Stealth+)))
You have tentacles for arms and can constrict up to eight enemies at once.


Message History

Press: ? - help, Q - select action Shift-Dir - straight line, f - gnoll
Aim: a gnoll, wielding a +0 halberd (58% to hit)
You throw a javelin.
The javelin closely misses the gnoll. x2
The gnoll hits you from afar with a +0 spear.
You block the gnoll's attack.
Throw: 3 javelins
Press: ? - help, Q - select action Shift-Dir - straight line, f/p - gnoll
Aim: a gnoll, wielding a +0 halberd (58% to hit)
You throw a javelin.
The javelin completely misses the gnoll.
The javelin barely misses the gnoll.
The gnoll hits you from afar with a +0 spear.
Throw: 2 javelins
Press: ? - help, Q - select action Shift-Dir - straight line, f/p - gnoll
Aim: a gnoll, wielding a +0 halberd (56% to hit)
You throw a javelin. The javelin pierces through the gnoll.
The gnoll is moderately wounded.
The javelin barely misses the gnoll.
You block the gnoll's attack. The gnoll barely misses you.
Throw: javelin
Press: ? - help, Q - select action Shift-Dir - straight line, f/p - gnoll
Aim: a gnoll, wielding a +0 halberd (58% to hit)
You throw a javelin. The javelin pierces through the gnoll!
The gnoll is almost dead.
The javelin pierces through the gnoll!
The gnoll is almost dead.
The gnoll hits you from afar with a +0 spear!
You block the gnoll's attack.
You feel better.
The gnoll hits you from afar with a +0 spear!
You feel better. You block the gnoll's attack. You block the gnoll's attack. x2
You barely miss the gnoll. You grab the gnoll.
The gnoll is almost dead.
You constrict the gnoll. The gnoll misses you. You block the gnoll's attack.
You tentacle-slap the gnoll.
You kill the gnoll!
The gnoll hits you from afar with a +0 halberd!
The gnoll hits you with a +0 halberd!
You die...

#........
..........##...g..
...[.......#....
...........#..#
...........#$.#
...........#†.#
........$..#.##
...........#g#
.......?...#h#
#......<...#.##
############..##
#....# ##....##
#..#...##
##..##...##
#########..###....#
####.......#..#
##...##


You could see a gnoll.

Vanquished Creatures
  A bombardier beetle (D:3)
  A hound (D:3)
  Jessica (D:3)
  2 gnolls (D:4)
  An adder (D:2)
  5 dart slugs
  An orc (D:4)
  6 ball pythons
  4 bats
  2 endoplasms
  3 giant cockroaches
  A goblin (D:1)
  3 hobgoblins
  4 kobolds
  4 quokkas
  A frilled lizard (D:1)
  5 rats
45 creatures vanquished.

Notes
Turn   | Place    | Note
-------+----------+-------------------------------------------
     0 | D:1      | Dorkslayer the Octopode Shapeshifter began the quest for
                  | the Orb.
     0 | D:1      | Reached XP level 1. HP: 13/13 MP: 1/1
   134 | D:1      | Reached XP level 2. HP: 10/18 MP: 2/2
   757 | D:2      | Reached XP level 3. HP: 23/23 MP: 3/3
  1315 | D:3      | Reached skill level 1 in Stealth
  1462 | D:3      | Noticed Jessica
  1470 | D:3      | Killed Jessica
  1471 | D:3      | Reached skill level 4 in Unarmed Combat
  1471 | D:3      | Reached XP level 4. HP: 23/28 MP: 4/4
  1793 | D:3      | Reached XP level 5. HP: 31/33 MP: 5/5
  2015 | D:4      | Found a glowing silver altar of Zin.
  2114 | D:4      | Slain by a gnoll

Illustrated notes

Levels and vault maps discovered:
D:1:      dpeg_arrival_pits, layout_basic
D:2:      layout_basic
D:3:      layout_basic, st_stairs_4, kennysheep_donut, minmay_liquid_box,
          uniq_jessica
D:4:      layout_cave_pods, mainiacjoe_overflow_six_doors_small,
          minmay_misc_feat_doors

Skill      XL: |  1  2  3 |
---------------+----------+-----
Stealth        | 2 |  2.9
Unarmed Combat | 4 |  4.8
Fighting       | |  1.3
Dodging        | |  2.5
Shields        | |  0.7
Shapeshifting  | |  3.2

Action                     |  1- 3 |  4- 6 || total
---------------------------+-------+-------++-------
  Melee: Unarmed           |    61 |    32 ||    93
         Constrict         |    18 |     5 ||    23
         Tentacles         |    11 |     6 ||    17
         Punch             |     2 |     1 ||     3
  Throw: Javelin           |       |     4 ||     4
    Use: Scroll            |       |     7 ||     7
         Potion            |       |     2 ||     2
   Stab: Sleeping          |     4 |     2 ||     6
 Armour: Skin              |    25 |    15 ||    40
  Dodge: Dodged            |    39 |    12 ||    51
  Block: Kite shield       |    15 |    12 ||    27

Table legend: (Time is in decaauts)
 A = Elapsed time spent in this place.
 B = Non-inter-level travel time spent in this place.
 C = Inter-level travel time spent in this place.
 D = Time resting spent in this place.
 E = Time spent auto-exploring this place.
 F = Levels seen in this place.
 G = Mean time per level.
                   A        B        C        D        E       F      G
               +--------+--------+--------+--------+--------+-----+--------+
         Total |   2121 |   2121 |      0 |      0 |   1142 |   4 |  530.2 |
       Dungeon |   2121 |   2121 |      0 |      0 |   1142 |   4 |  530.2 |
               +--------+--------+--------+--------+--------+-----+--------+

Top non-repeatable levels by time:
     D:1: 713 daAuts
     D:3: 619 daAuts
     D:2: 593 daAuts
     D:4: 195 daAuts
